3AAA
BRINKLEY BELUGAS @ ALASKAN HUMPBACKS
09/16/2030
 
TOP OF THE 1ST
Brinkley Belugas batting - Pitching for Alaskan Humpbacks : LHP Hervé Favier
Pitching: LHP Hervé Favier
Batting: LHB Marcos Deleón 0-0: Called Strike
0-1: Ball
1-1: Ball
2-1: Foul Ball, location: 2F
2-2: SINGLE (Line Drive, 34)
Batting: RHB Colm Goodwill 0-0: Ball
Marcos Deleón steals 2nd base
1-0: Ball
2-0: Called Strike
2-1: Swinging Strike
2-2: Ball
3-2: Strikes out looking
Batting: LHB Mario Nieves 0-0: Called Strike
0-1: Ball
1-1: Ball
2-1: Swinging Strike
2-2: Fly out, F8 (Flyball, 8LS)
Batting: RHB Rubén Campos 0-0: Foul Ball, location: 2F
0-1: Foul Ball, location: 2F
0-2: Ball
1-2: Fly out, F8 (Flyball, 8RM)
Top of the 1st over - 0 runs, 1 hit, 0 errors, 1 left on base; Brinkley 0 - Alaskan 0
BOTTOM OF THE 1ST
Alaskan Humpbacks batting - Pitching for Brinkley Belugas : LHP Kirby Buckner
Pitching: LHP Kirby Buckner
Batting: RHB Ramón Valdéz 0-0: Called Strike
0-1: Ball
1-1: Ball
2-1: Fly out, F8 (Flyball, 8LXD)
Batting: LHB Herman Hayes 0-0: Called Strike
0-1: Foul Ball, location: 2F
0-2: Ball
1-2: Fly out, F8 (Flyball, 8RM)
Batting: LHB Miguel Martínez 0-0: Called Strike
0-1: Fly out, F7 (Flyball, 7LM)
Bottom of the 1st over - 0 runs, 0 hits, 0 errors, 0 left on base; Brinkley 0 - Alaskan 0
TOP OF THE 2ND
Brinkley Belugas batting - Pitching for Alaskan Humpbacks : LHP Hervé Favier
Batting: RHB Danilo Mosca 0-0: Called Strike
0-1: Ball
1-1: Called Strike
1-2: Strikes out swinging
Batting: RHB Wu-shiun Wang 0-0: Swinging Strike
0-1: Foul Ball, location: 2F
0-2: Fly out, F6 (Line Drive, 6M)
Batting: RHB Brandon Cole 0-0: Called Strike
0-1: Called Strike
0-2: Strikes out swinging
Top of the 2nd over - 0 runs, 0 hits, 0 errors, 0 left on base; Brinkley 0 - Alaskan 0
BOTTOM OF THE 2ND
Alaskan Humpbacks batting - Pitching for Brinkley Belugas : LHP Kirby Buckner
Batting: LHB Héctor Cortéz 0-0: Fly out, F6 (Popup, P)
Pitching: RHP Alonso Cruz
Batting: RHB Dani Serrano 0-0: Ball
1-0: Ball
2-0: SINGLE (Line Drive, 7S)
Batting: RHB Jesús Torres 0-0: Foul Ball, location: 2F
0-1: Swinging Strike
0-2: Strikes out swinging
Batting: LHB Craig Morgan 0-0: Ball
1-0: Ball
2-0: Fly out, F8 (Line Drive, 8LD)
Bottom of the 2nd over - 0 runs, 1 hit, 0 errors, 1 left on base; Brinkley 0 - Alaskan 0
TOP OF THE 3RD
Brinkley Belugas batting - Pitching for Alaskan Humpbacks : LHP Hervé Favier
Batting: RHB Apu Nahasapeemapetilon 0-0: Ball
1-0: Foul Ball, location: 2F
1-1: Ball
2-1: Swinging Strike
2-2: Ball
3-2: Foul Ball, location: 2F
3-2: Base on Balls
Batting: LHB Gerald Kaufman 0-0: DOUBLE (Line Drive, 9LM)
Apu Nahasapeemapetilon to third
Batting: LHB Marcos Deleón 0-0: Ball
1-0: Foul Ball, location: 2F
1-1: Called Strike
1-2: Foul Ball, location: 2F
1-2: Foul Ball, location: 2F
1-2: Foul Ball, location: 2F
1-2: SINGLE (Line Drive, 78M)
Apu Nahasapeemapetilon scores
Gerald Kaufman to third
Runner from 3rd tries for Home, throw and OUT!
Batting: RHB Colm Goodwill 0-0: Fly out, F7 (Flyball, 7LS)
Batting: LHB Mario Nieves 0-0: Ball
Marcos Deleón is caught stealing 2nd base
Top of the 3rd over - 1 run, 2 hits, 0 errors, 0 left on base; Brinkley 1 - Alaskan 0
BOTTOM OF THE 3RD
Alaskan Humpbacks batting - Pitching for Brinkley Belugas : RHP Alonso Cruz
Batting: RHB Gregory Shankland 0-0: Called Strike
0-1: Foul Ball, location: 2F
0-2: Fly out, F8 (Flyball, 8RXD)
Batting: RHB José Morín 0-0: Ball
1-0: Called Strike
1-1: Swinging Strike
1-2: DOUBLE (Line Drive, 7LD)
Batting: RHB Ramón Valdéz 0-0: Called Strike
0-1: Ball
1-1: Called Strike
1-2: Strikes out looking
Batting: LHB Herman Hayes 0-0: Ball
1-0: Foul Ball, location: 2F
1-1: Called Strike
1-2: Ball
2-2: Ball
3-2: Foul Ball, location: 2F
3-2: SINGLE (Groundball, 34D)
José Morín to third
José Morín scores
Batting: LHB Miguel Martínez 0-0: Foul Ball, location: 2F
0-1: Ball
1-1: Foul Ball, location: 2F
1-2: Ground out 4-3 (Groundball, 4)
Bottom of the 3rd over - 1 run, 2 hits, 0 errors, 1 left on base; Brinkley 1 - Alaskan 1
TOP OF THE 4TH
Brinkley Belugas batting - Pitching for Alaskan Humpbacks : LHP Hervé Favier
Batting: LHB Mario Nieves 0-0: Ball
1-0: Fly out, F5 (Popup, 25F)
Batting: RHB Rubén Campos 0-0: Ball
1-0: Ground out 5-3 (Groundball, 56)
Batting: RHB Danilo Mosca 0-0: Called Strike
0-1: Fly out, F7 (Line Drive, 7S)
Top of the 4th over - 0 runs, 0 hits, 0 errors, 0 left on base; Brinkley 1 - Alaskan 1
BOTTOM OF THE 4TH
Alaskan Humpbacks batting - Pitching for Brinkley Belugas : RHP Alonso Cruz
Batting: LHB Héctor Cortéz 0-0: Ball
1-0: Foul Ball, location: 2F
1-1: Foul Ball, location: 2F
1-2: Foul Ball, location: 2F
1-2: Foul Ball, location: 2F
1-2: Ground out 5-3 (Groundball, 56)
Batting: RHB Dani Serrano 0-0: Ball
1-0: Called Strike
1-1: Ball
2-1: SINGLE (Groundball, 56D)
Batting: RHB Jesús Torres 0-0: Foul Ball, location: 2F
0-1: Swinging Strike
0-2: DOUBLE (Line Drive, 78D)
Dani Serrano to third
Batting: LHB Craig Morgan 0-0: Intentional Walk
Batting: RHB Gregory Shankland 0-0: Called Strike
0-1: Ball
1-1: Ball
2-1: SINGLE (Groundball, 6MD)
Dani Serrano scores
Jesús Torres to third
Craig Morgan to second
Runner from 3rd tries for Home, SAFE, no throw
Batting: RHB José Morín 0-0: Ball
1-0: Foul Ball, location: 2F
1-1: Fielders Choice at 2nd, 1-4 (Groundball, 15S)
Craig Morgan to third
Batting: RHB Ramón Valdéz 0-0: Fielders Choice at 2nd, 6-4 (Groundball, 6)
Bottom of the 4th over - 2 runs, 3 hits, 0 errors, 2 left on base; Brinkley 1 - Alaskan 3
TOP OF THE 5TH
Brinkley Belugas batting - Pitching for Alaskan Humpbacks : LHP Hervé Favier
Batting: RHB Wu-shiun Wang 0-0: Called Strike
0-1: Called Strike
0-2: Ball
1-2: Ball
2-2: Foul Ball, location: 2F
2-2: Ball
3-2: SINGLE (Flyball, 89S)
Batting: RHB Brandon Cole 0-0: Ball
1-0: Ball
2-0: Bunted foul
2-1: Bunted foul
2-2: Ball
3-2: Foul Ball, location: 2F
3-2: Foul Ball, location: 2F
3-2: Grounds into double play, 6-4-3 (Groundball, 6)
Batting: RHB Apu Nahasapeemapetilon 0-0: Ball
1-0: Ball
2-0: Called Strike
2-1: Ball
3-1: Base on Balls
Batting: LHB Gerald Kaufman 0-0: Ball
1-0: Foul Ball, location: 2F
1-1: Fly out, F8 (Flyball, 8LM)
Top of the 5th over - 0 runs, 1 hit, 0 errors, 1 left on base; Brinkley 1 - Alaskan 3
BOTTOM OF THE 5TH
Alaskan Humpbacks batting - Pitching for Brinkley Belugas : RHP Alonso Cruz
Batting: LHB Herman Hayes 0-0: Ball
1-0: DOUBLE (Flyball, 89XD)
Batting: LHB Miguel Martínez 0-0: Intentional Walk
Pitching: LHP Don Teehan
Batting: LHB Héctor Cortéz 0-0: Fly out, F7 (Flyball, 7S)
Batting: RHB Dani Serrano 0-0: Called Strike
0-1: Called Strike
0-2: Ball
1-2: Fly out, F7 (Line Drive, 7S)
Batting: RHB Jesús Torres 0-0: Called Strike
0-1: Swinging Strike
0-2: Reached via error on a dropped throw, E4
Herman Hayes to third
Miguel Martínez to second
Batting: LHB Craig Morgan 0-0: Ball
1-0: Ball
2-0: Called Strike
2-1: Foul Ball, location: 2F
2-2: Ground out U3 (Groundball, 3)
Bottom of the 5th over - 0 runs, 1 hit, 1 error, 3 left on base; Brinkley 1 - Alaskan 3
TOP OF THE 6TH
Brinkley Belugas batting - Pitching for Alaskan Humpbacks : LHP Hervé Favier
Batting: LHB Marcos Deleón 0-0: Ball
1-0: Foul Ball, location: 2F
1-1: Swinging Strike
1-2: Ball
2-2: Ground out 6-3 (Groundball, 6)
Batting: RHB Colm Goodwill 0-0: Ground out 6-3 (Groundball, 6)
Batting: LHB Mario Nieves 0-0: Ball
1-0: SINGLE (Groundball, 34S) (infield hit)
Batting: RHB Rubén Campos 0-0: Called Strike
0-1: Called Strike
0-2: Ball
1-2: Ball
2-2: Foul Ball, location: 2F
2-2: Ball
3-2: Foul Ball, location: 2F
3-2: Foul Ball, location: 2F
3-2: Ground out 4-3 (Groundball, 4M)
Top of the 6th over - 0 runs, 1 hit, 0 errors, 1 left on base; Brinkley 1 - Alaskan 3
BOTTOM OF THE 6TH
Alaskan Humpbacks batting - Pitching for Brinkley Belugas : LHP Don Teehan
Batting: RHB Gregory Shankland 0-0: Called Strike
0-1: Ball
1-1: Ball
2-1: Ball
3-1: Foul Ball, location: 2F
3-2: Base on Balls
Batting: RHB José Morín 0-0: Foul Ball, location: 2F
0-1: Fielders Choice at 2nd, 6-4 (Groundball, 6)
Batting: RHB Ramón Valdéz 0-0: Called Strike
0-1: Foul Ball, location: 2F
0-2: DOUBLE (Flyball, 78D)
José Morín to third
Batting: LHB Herman Hayes 0-0: Intentional Walk
Batting: LHB Miguel Martínez 0-0: Ball
1-0: Ball
2-0: Ball
3-0: Called Strike
3-1: Called Strike
3-2: Foul Ball, location: 2F
3-2: Fly out, F8 (Flyball, 8LM)
Runner from 3rd tags up, OUT at HOME
Bottom of the 6th over - 0 runs, 1 hit, 0 errors, 2 left on base; Brinkley 1 - Alaskan 3
TOP OF THE 7TH
Brinkley Belugas batting - Pitching for Alaskan Humpbacks : LHP Hervé Favier
Pitching: LHP Carlos Díaz
Batting: RHB Danilo Mosca 0-0: Ball
1-0: Ball
2-0: Reached on error, E8 (Line Drive, 8LD)
Batting: RHB Wu-shiun Wang 0-0: Ball
Wild Pitch!
Danilo Mosca to third
1-0: Ground out 4-3 (Groundball, 4M)
Batting: RHB Brandon Cole 0-0: Ball
1-0: Called Strike
1-1: Ball
Steal of home, Danilo Mosca is safe
2-1: Ball
3-1: Base on Balls
Batting: RHB Apu Nahasapeemapetilon 0-0: Called Strike
0-1: Ball
1-1: SINGLE (Flyball, 89M)
Brandon Cole to second
Pinch Hitting: RHB Reggie Kahn 0-0: Called Strike
0-1: 3-RUN HOME RUN (Flyball, 9D), Distance : 393 ft
Pitching: RHP Mario Ruíz
Batting: LHB Marcos Deleón 0-0: Ball
1-0: Ball
2-0: Ball
3-0: Base on Balls
Batting: RHB Colm Goodwill 0-0: Ball
1-0: Called Strike
1-1: Ball
2-1: Foul Ball, location: 2F
2-2: Ball
Marcos Deleón steals 2nd base
3-2: Strikes out swinging
Batting: LHB Mario Nieves 0-0: Ball
1-0: Called Strike
1-1: Fly out, F9 (Flyball, 9S)
Top of the 7th over - 4 runs, 2 hits, 1 error, 1 left on base; Brinkley 5 - Alaskan 3
BOTTOM OF THE 7TH
Alaskan Humpbacks batting - Pitching for Brinkley Belugas : LHP Don Teehan
Now in CF: Reggie Kahn
Batting: LHB Héctor Cortéz 0-0: Ground out U3 (Groundball, 3)
Batting: RHB Dani Serrano 0-0: Ball
1-0: Ball
2-0: Ball
3-0: Foul Ball, location: 2F
3-1: Foul Ball, location: 2F
3-2: Foul Ball, location: 2F
3-2: Strikes out swinging
Batting: RHB Jesús Torres 0-0: Swinging Strike
0-1: Foul Ball, location: 2F
0-2: Foul Ball, location: 2F
0-2: Strikes out looking
Bottom of the 7th over - 0 runs, 0 hits, 0 errors, 0 left on base; Brinkley 5 - Alaskan 3
TOP OF THE 8TH
Brinkley Belugas batting - Pitching for Alaskan Humpbacks : RHP Mario Ruíz
Batting: RHB Rubén Campos 0-0: Called Strike
0-1: Hit by Pitch
Batting: RHB Danilo Mosca 0-0: Ball
1-0: Called Strike
1-1: Ball
2-1: Called Strike
2-2: Strikes out swinging
Batting: RHB Wu-shiun Wang 0-0: Called Strike
0-1: Foul Ball, location: 2F
0-2: Ball
1-2: Foul Ball, location: 2F
1-2: Ball
2-2: Ball
3-2: Strikes out looking
Batting: RHB Brandon Cole 0-0: Ball
Wild Pitch!
Rubén Campos to second
1-0: Foul Ball, location: 2F
1-1: Called Strike
1-2: Foul Ball, location: 2F
1-2: Ball
2-2: Foul Ball, location: 2F
2-2: Strikes out looking
Top of the 8th over - 0 runs, 0 hits, 0 errors, 1 left on base; Brinkley 5 - Alaskan 3
BOTTOM OF THE 8TH
Alaskan Humpbacks batting - Pitching for Brinkley Belugas : LHP Don Teehan
Pitching: RHP Oswaldo Mobray
Now in RF: Mario Domondón
Batting: LHB Craig Morgan 0-0: Swinging Strike
0-1: Ball
1-1: Foul Ball, location: 2F
1-2: Strikes out swinging
Batting: RHB Gregory Shankland 0-0: Called Strike
0-1: Ball
1-1: Swinging Strike
1-2: Ball
2-2: Strikes out swinging
Batting: RHB José Morín 0-0: Ball
1-0: Fly out, F7 (Flyball, 7S)
Bottom of the 8th over - 0 runs, 0 hits, 0 errors, 0 left on base; Brinkley 5 - Alaskan 3
TOP OF THE 9TH
Brinkley Belugas batting - Pitching for Alaskan Humpbacks : RHP Mario Ruíz
Batting: RHB Apu Nahasapeemapetilon 0-0: Called Strike
0-1: Ball
1-1: Foul Ball, location: 2F
1-2: Foul Ball, location: 2F
1-2: SINGLE (Groundball, 4MD)
Batting: RHB Reggie Kahn 0-0: Ball
1-0: Foul Ball, location: 2F
1-1: Swinging Strike
1-2: Strikes out looking
Batting: LHB Marcos Deleón 0-0: Foul Ball, location: 2F
0-1: Swinging Strike
0-2: Strikes out swinging
Batting: RHB Colm Goodwill 0-0: Ball
1-0: Ball
2-0: Ground out U3 (Groundball, 3)
Top of the 9th over - 0 runs, 1 hit, 0 errors, 1 left on base; Brinkley 5 - Alaskan 3
BOTTOM OF THE 9TH
Alaskan Humpbacks batting - Pitching for Brinkley Belugas : RHP Oswaldo Mobray
Batting: RHB Ramón Valdéz 0-0: Foul Ball, location: 2F
0-1: Swinging Strike
0-2: Ground out 5-3 (Groundball, 5L)
Batting: LHB Herman Hayes 0-0: Ground out 1-3 (Groundball, 13)
Batting: LHB Miguel Martínez 0-0: Foul Ball, location: 2F
0-1: Fly out, F8 (Flyball, 8RD)
Bottom of the 9th over - 0 runs, 0 hits, 0 errors, 0 left on base; Brinkley 5 - Alaskan 3
Sunday, March 18th, 2018 - OOTP Baseball 18.8 Build 76